 Dungeon Crawl Stone Soup version 0.23.2-30-g0e89c35 (webtiles) character file.

Game seed: 17184849455770296839

57 IBeShadow the Chiller (level 3, -10/26 HPs)
             Began as a Draconian Ice Elementalist on June 9, 2019.
             Was an Initiate of Ashenzari.
             Killed from afar by an orc wizard (13 damage)
             ... with a puff of flame
             ... on level 3 of the Dungeon.
             The game lasted 00:03:26 (2375 turns).

IBeShadow the Chiller (Draconian Ice Elementalist)  Turns: 2375, Time: 00:03:27

Health: -10/26     AC:  7    Str: 10    XL:     3   Next: 73%
Magic:  1/6        EV: 12    Int: 16    God:    Ashenzari [......]
Gold:   70         SH:  0    Dex: 11    Spells: 3/6 levels left

rFire    . . .     SeeInvis .   m - +0 trident
rCold    . . .     Gourm    .   (no shield)
rNeg     . . .     Faith    .   (armour unavailable)
rPois    .         Spirit   .   (helmet restricted)
rElec    .         Reflect  .   h - +1 cloak
rCorr    .         Harm     .   (no gloves)
MR       .....                  (no boots)
Stlth    ++........             (no amulet)
HPRegen  0.08/turn              d - ring of flight
MPRegen  0.10/turn              (no ring)

@: no status effects
A: unfitting armour, cold-blooded, AC +5
a: Curse Item, Renounce Religion, Evoke Flight


You were on level 3 of the Dungeon.
You worshipped Ashenzari.
Ashenzari was noncommittal.
You were hungry.

You visited 1 branch of the dungeon, and saw 3 of its levels.

You collected 70 gold pieces.

Inventory:

Hand Weapons
 m - a +0 trident (weapon)
Missiles
 c - 8 javelins (quivered)
Armour
 h - a +1 cloak (worn)
Jewellery
 d - a ring of flight (left hand)
 i - a +3 ring of dexterity
Scrolls
 e - 5 scrolls of identify {unknown}
 f - a scroll of enchant weapon {unknown}
 j - a scroll of teleportation {unknown}
 l - a scroll of immolation {unknown}
Potions
 a - a potion of resistance {unknown}
 g - a potion of curing {unknown}
 k - a potion of brilliance {unknown}
Comestibles
 b - 2 rations
 n - 5 chunks of flesh


   Skills:
 - Level 1.7 Dodging
 - Level 1.7 Stealth
 - Level 2.0 Spellcasting
 + Level 2.2 Conjurations
 + Level 4.2 Ice Magic


You had 3 spell levels left.
You knew the following spells:

 Your Spells              Type           Power        Failure   Level  Hunger
a - Freeze                Ice            ###.         3%          1    #......
b - Throw Frost           Conj/Ice       ##....       9%          2    ###....

Your spell library contained the following spells:

 Spells                   Type           Power        Failure   Level  Hunger
 Ozocubu's Armour         Chrm/Ice       #.......     26%         3    ###....
 Throw Icicle             Conj/Ice       ##......     50%         4    #####..
 Summon Ice Beast         Ice/Summ       #.......     65%         4    #####..


Dungeon Overview and Level Annotations

Branches:
Dungeon (3/15)

Altars:
Ashenzari
Dithmenos
Okawaru
The Shining One


Innate Abilities, Weirdness & Mutations

Your plain brown scales are hard. (AC +5)
You cannot fit into any form of body armour.
You are cold-blooded and may be slowed by cold attacks.


Message History

You closely miss something. Something barely misses you.
The orc hits you but does no damage.
Casting: Freeze (safe; 3% risk of failure)
Confirm with . or Enter, or press ? or * to list all spells.
Aiming: Freeze (safe; 3% risk of failure)
Press: ? - help, Shift-Dir - straight line, p - orc You freeze something.
The orc wizard casts a spell.
The orc wizard seems to speed up.
The orc hits you with a +0 hand axe.
* * * LOW HITPOINT WARNING * * *
You closely miss something. The orc hits you with a +0 hand axe.
* * * LOW HITPOINT WARNING * * *
The orc wizard gestures wildly while chanting.
The orc wizard blinks!
You closely miss something.
You hear some strange, mumbled words.
A puff of flame appears from out of thin air!
The puff of flame hits you!
Ouch! That really hurt!
You die...

##### ......
...... #......
##o......
#########
#@.§.....
#...#...##
####)#..o...
.).<.....## #....#
<....
÷.........###.####
####
............).#
...........####
............>.#
#...#...#####...
######### ##


You could see an orc wizard and an orc.

Vanquished Creatures
  2 adders
  2 worms (D:2)
  4 orcs (D:3)
  2 bats (D:2)
  3 giant cockroaches (D:1)
  2 goblins (D:1)
  5 hobgoblins
  2 frilled lizards
  4 kobolds
  5 rats
31 creatures vanquished.

Notes
Turn   | Place    | Note
-------+----------+-------------------------------------------
     0 | D:1      | IBeShadow the Draconian Ice Elementalist began the quest
                  | for the Orb.
     0 | D:1      | Reached XP level 1. HP: 14/14 MP: 3/3
   360 | D:1      | Reached XP level 2. HP: 17/20 MP: 1/5
   364 | D:1      | Learned a level 2 spell: Throw Frost
  1047 | D:2      | Found a shattered altar of Ashenzari.
  1099 | D:2      | Became a worshipper of Ashenzari the Shackled
  1225 | D:2      | Found an iron altar of Okawaru.
  1396 | D:2      | Found a shadowy altar of Dithmenos.
  1450 | D:2      | Found a glowing golden altar of the Shining One.
  2065 | D:2      | Reached XP level 3. HP: 26/26 MP: 6/6
  2082 | D:2      | Reached skill level 4 in Ice Magic
  2375 | D:3      | Killed from afar by an orc wizard

Skill      XL: |  1  2  3 |
---------------+----------+-----
Ice Magic      | 4 |  4.2
Conjurations   | 2 |  2.2
Dodging        | |  1.7
Stealth        | |  1.7
Spellcasting   | |  2.0

Action                   || total
-------------------------++-------
Melee: Club              ||    11
       Unarmed           ||     2
       Tailslap          ||     6
       Spear             ||    76
       Trident           ||    22
 Cast: Freeze            ||    21
 Stab: Sleeping          ||     6
  Eat: Ration            ||     1
       Chunk             ||     1
Armor: Skin              ||    28
Dodge: Dodged            ||    56
